 Dungeon Crawl Stone Soup version 0.25-a0-1130-g3926558f3a (webtiles) character file.

Game seed: 8122800596317303117, levelgen mode: deterministic

42 Flugslaktarn the Insei (level 3, -2/26 HPs)
             Began as an Octopode Chaos Knight on May 19, 2020.
             Was a Plaything of Xom.
             Hit by a goblin thrown by Robin (3 damage)
             ... on level 3 of the Dungeon.
             The game lasted 00:02:42 (508 turns).

Flugslaktarn the Insei (Octopode Chaos Knight)       Turns: 508, Time: 00:02:43

Health: -2/26      AC:  1    Str: 11    XL:     3   Next: 56%
Magic:  3/3        EV: 13    Int: 14    God:    Xom [..*...]
Gold:   18         SH:  0    Dex: 12    Spells: 2/2 levels left

rFire    . . .     SeeInvis .     - Unarmed
rCold    . . .     Gourm    .   (no shield)
rNeg     . . .     Faith    .   (helmet restricted)
rPois    .         Spirit   .   (no amulet)
rElec    .         Reflect  .   (no ring)
rCorr    .         Harm     .   (no ring)
MR       .....                  (no ring)
Stlth    ++........             (no ring)
HPRegen  0.08/turn              (no ring)
MPRegen  0.08/turn              (no ring)
                                (no ring)
                                (no ring)

@: no status effects
A: almost no armour, stealthy swim, amphibious, 8 rings, constrict 8, camouflage
1, gelatinous body 1
a: Renounce Religion


You were on level 3 of the Dungeon.
You worshipped Xom.
You were a toy of Xom.
You were not hungry.

You visited 1 branch of the dungeon, and saw 3 of its levels.

You collected 18 gold pieces.

Inventory:

Scrolls
 c - a scroll of immolation {unknown}
 d - a scroll of teleportation {unknown}
Potions
 a - a potion of curing {unknown}
 b - a potion of degeneration {unknown}
 f - a potion of might {unknown}
Comestibles
 e - 2 rations


   Skills:
 - Level 3.0 Fighting
 + Level 2.5 Dodging
 + Level 4.3 Unarmed Combat


You had 2 spell levels left.
You didn't know any spells.
Your spell library was empty.

Dungeon Overview and Level Annotations

Branches:
Dungeon (3/15)

Altars:

Annotations:
D:3 Grinder, Robin


Innate Abilities, Weirdness & Mutations

You cannot wear most types of armour.
You are very stealthy in the water. (Stealth+)
You are amphibious.
You can wear up to eight rings at the same time.
You can use your tentacles to constrict eight enemies at once.
Your skin changes colour to match your surroundings (Stealth+).
Your rubbery body absorbs attacks. (AC +1, EV +1)


Message History

You barely miss the goblin. You grab the goblin. You squeeze the goblin.
You kill the goblin!
The goblin hits you with a +0 dagger.
You completely miss the goblin. Your grab misses the goblin.
You squeeze the goblin.
You kill the goblin!
The goblin hits you with a +0 dagger.
* * * LOW HITPOINT WARNING * * *
You closely miss the goblin. Your grab misses the goblin.
The goblin hits you with a +0 dagger.
* * * LOW HITPOINT WARNING * * *
Robin throws the goblin at you!
You tentacle-slap the goblin.
You kill the goblin!
The goblin hits you with a +0 dagger.
* * * LOW HITPOINT WARNING * * *
Grinder comes into view.
Robin throws the goblin at you!
You die...
Xom chuckles heartily!

## ...#...# .....5... ...#...##.
gg.g###.###..#.....
.g.#.....#......#
#g#.....#......#
#...>g.........#..
.#.####g#g....#).g......
........#.....#)@....# ... #.
#.# #.####.###.###)##...#
....#.##.#
#.........g.g.g.................
#######..#.#######..... #.#+#...
#..#... #..... #.......
###..#+### #.....##.[.....
####.......# .#.....##.......
............# ......##.......
.........)..# ###....##.#.#...


You could see Grinder (wandering), Robin, a hobgoblin and a goblin.

Vanquished Creatures
  A worm (D:3)
  A dart slug (D:1)
  2 leopard geckos
  A giant cockroach (D:1)
  9 goblins
  4 hobgoblins
  5 jackals (D:1)
  A ball python (D:2)
  4 bats
  A frilled lizard (D:2)
  A kobold (D:1)
  2 rats (D:2)
32 creatures vanquished.

Notes
Turn   | Place    | Note
-------+----------+-------------------------------------------
     0 | D:1      | Flugslaktarn the Octopode Chaos Knight began the quest for
                  | the Orb.
     0 | D:1      | Reached XP level 1. HP: 16/16 MP: 1/1
     8 | D:1      | XOM: silly message
    96 | D:2      | Reached XP level 2. HP: 10/21 MP: 2/2
   281 | D:1      | Reached skill level 4 in Unarmed Combat
   325 | D:1      | Reached XP level 3. HP: 17/26 MP: 3/3
   488 | D:3      | Noticed Robin
   508 | D:3      | HP: 1/26 [goblin/+0 dagger[Robin] (3)]
   508 | D:3      | Noticed Grinder
   508 | D:3      | Hit by a goblin thrown by Robin

Illustrated notes

Levels and vault maps discovered:
D:1:      dpeg_arrival_round_c, layout_basic
D:2:      layout_basic, chequers_ecumenical_altar_twisty, first_ration
D:3:      layout_basic, st_stairs_3, solitary_fountain, uniq_grinder, uniq_robin

Skill      XL: |  1  2 |
---------------+-------+-----
Unarmed Combat | 4 |  4.3
Fighting       | |  3.0
Dodging        | |  2.5

Action                   || total
-------------------------++-------
Melee: Unarmed           ||    69
       Constrict         ||    20
       Tentacles         ||    18
 Stab: Sleeping          ||     2
Armor: Skin              ||    12
Dodge: Dodged            ||    35

Table legend:
 A = Non-vault XP
 B = Vault XP
 C = Vault XP percentage of total XP
 D = Non-vault monster count
 E = Vault monster count
 F = Vault count percentage of total count
                 A         B        C        D         E       F
            +---------+---------+-------+---------+---------+-------
      Total |      52 |       9 |  14.8 |      27 |       5 |  15.6
            +---------+---------+-------+---------+---------+-------
        D:1 |      35 |       0 |   0.0 |      18 |       0 |   0.0
        D:2 |      10 |       0 |   0.0 |       7 |       0 |   0.0
        D:3 |       7 |       9 |  56.2 |       2 |       5 |  71.4
            +---------+---------+-------+---------+---------+-------
